Map: Ulrena

Players

GorgonHong

  • Race: Terran Terran

LilDicky - Winner!

  • Race: Terran Terran
  • League: Diamond

VOD

http://www.twitch.tv/tumescentpie

Description

Time

  • Played on: Dec. 25, 2015, 8:51 p.m.
  • Length: 4:10
Show
View Real Time Build Order
Export as new Build Order

GorgonHong Terran 

Build Orders: 1/1/1 

Get SALT Encoding   

  12  0:01  SCV  
  13  0:13  SCV  
  14  0:18  Supply Depot  
  14  0:25  SCV  
  15  0:40  SCV  
  15  0:41  Barracks  
  16  0:45  Refinery  
  16  0:52  SCV  
  17  0:58  Refinery  
  17  1:03  Supply Depot  
  17  1:06  SCV  
  18  1:18  SCV  
  19  1:30  SCV  
  20  1:33  Marine  
  21  1:42  Factory  
  21  1:46  Orbital Command  
  21  1:52  Marine  
  22  2:10  Marine  
  22  2:15  SCV  
  24  2:27  Factory Tech Lab  
  24  2:28  Starport  
  24  2:31  SCV  
  25  2:39  Supply Depot  
  25  2:40  Marine  
  26  2:47  SCV  
  27  2:56  Factory Tech Lab  
  25  3:11  Marine  
  24  3:14  Banshee  
  24  3:15  Siege Tank  
Show
View Real Time Build Order
Export as new Build Order

LilDicky Terran - Winner!

Build Orders:  

Get SALT Encoding   

  12  0:01  SCV  
  13  0:13  SCV  
  14  0:26  SCV, Supply Depot  
  15  0:33  Refinery  
  15  0:54  SCV, Barracks  
  16  1:11  SCV  
  16  1:13  Barracks  
  17  1:24  Barracks  
  17  1:33  Refinery  
  17  1:40  SCV  
  17  1:41  Reaper  
  19  1:51  Supply Depot  
  19  1:56  SCV  
  20  2:05  Reaper  
  21  2:11  Reaper  
  22  2:18  Reaper  
  23  2:38  Reaper  
  23  2:42  Orbital Command  
  23  2:43  Reaper  
  24  2:51  Reaper  
  25  3:11  Reaper  
  26  3:15  Reaper  
  27  3:23  Reaper  
  28  3:29  Engineering Bay  
Tags
 
Add a new tag
Caveats
  • Supply blocks, unpowered buildings, or Contaminate may cause inaccurate times.
  • Supply counts are checked every 10 seconds.